Map: Lost and Found LE

Players

Leafstep - Winner!

  • Race: Zerg Zerg
  • League: Platinum
  • Spawn Location: 7:00

AndrewGunner

  • Race: Terran Terran
  • League: Gold
  • Spawn Location: 1:00

VOD

Have the link to the VOD?

Description

Time

  • Played on: June 23, 2018, 6:24 a.m.
  • Length: 3:09
Show
View Real Time Build Order
Export as new Build Order

Leafstep Zerg - Winner!

Build Orders: Hatch First 

Get SALT Encoding   

  12  0:00  Drone  
  13  0:12  Overlord  
  13  0:16  Drone  
  14  0:31  Drone x2  
  17  0:35  Drone  
  17  0:53  Hatchery  
  17  0:56  Drone  
  17  0:59  Drone  
  18  1:10  Extractor  
  17  1:28  Spawning Pool  
  16  2:18  Zergling x10  
  18  2:25  Queen x2  
  20  2:40  Zergling x2  
  20  2:41  Zergling x6  
Show
View Real Time Build Order
Export as new Build Order

AndrewGunner Terran 

Build Orders:  

Get SALT Encoding   

  12  0:00  SCV  
  13  0:14  SCV  
  14  0:23  Supply Depot  
  14  0:26  SCV  
  15  0:45  Barracks  
  15  0:49  SCV  
  16  1:04  Barracks  
  16  1:08  Barracks  
  16  1:13  SCV  
  17  1:23  Supply Depot  
  18  1:25  SCV  
  18  1:34  Marine  
  19  1:52  Marine  
  19  1:53  Marine  
  21  1:58  Marine  
  19  2:11  Marine x2  
  21  2:16  Marine  
  21  2:28  Marine  
  21  2:29  Marine  
  23  2:33  Marine  
  23  2:46  Marine x2  
Tags
 
Add a new tag
Caveats
  • Supply blocks, unpowered buildings, or Contaminate may cause inaccurate times.
  • Supply counts are checked every 10 seconds.